 Dungeon Crawl Stone Soup version 0.30-a0-595-g91969c0fa5 (webtiles) character file.

Game seed: 10164456395463707987

38 Leeroy the Insei (level 3, 0/23 HPs)
             Began as an Octopode Transmuter on Jan 6, 2023.
             Slain by a quokka (3 damage)
             ... on level 2 of the Dungeon.
             The game lasted 00:01:21 (819 turns).

Leeroy the Insei (Octopode Transmuter)               Turns: 819, Time: 00:01:22

Health: 0/23       AC:  1    Str:  9    XL:     3   Next: 43%
Magic:  6/6        EV: 13    Int: 17    God:
Gold:   47         SH:  0    Dex: 12    Spells: 2/6 levels left

rFire   . . .      SeeInvis .      - Unarmed
rCold   . . .      Faith    .    (no shield)
rNeg    . . .      Spirit   .    (helmet restricted)
rPois   .          Reflect  .    (no amulet)
rElec   .          Harm     .    (no ring)
rCorr   .          Rampage  .    (no ring)
Will    .....                    (no ring)
Stlth   ++                       (no ring)
HPRegen 0.23/turn                (no ring)
MPRegen 0.10/turn                (no ring)
                                 (no ring)
                                 (no ring)

@: no status effects
A: almost no armour, amphibious, 8 rings, camouflage 1, gelatinous body 1,
(nimble swimmer 1), tentacles
a: no special abilities


You were on level 2 of the Dungeon.
You visited 1 branch of the dungeon, and saw 2 of its levels.

You collected 47 gold pieces.

Inventory:

Scrolls
 b - a scroll of poison {unknown}
 c - a scroll of enchant weapon {unknown}
 d - a scroll of identify {unknown}
Potions
 a - 2 potions of lignification
 e - 2 potions of curing {unknown}
 f - 2 potions of haste {unknown}


   Skills:
 - Level 1.0 Fighting
 - Level 2.0 Dodging
 + Level 4.4 Unarmed Combat
 - Level 2.0 Spellcasting
 - Level 2.0 Transmutations


You had 2 spell levels left.
You knew the following spells:

 Your Spells              Type           Power      Damage    Failure   Level
a - Beastly Appendage     Tmut           16%        N/A       9%          1
b - Spider Form           Tmut/Pois      5%         N/A       36%         3

Your spell library contained the following spells:

 Spells                   Type           Power      Damage    Failure   Level
 Wereblood                Tmut           8%         N/A       13%         2
 Ice Form                 Ice/Tmut       5%         N/A       77%         4


Dungeon Overview and Level Annotations

Branches:
Dungeon (2/15)

Altars:


Innate Abilities, Weirdness & Mutations

You cannot wear most types of armour.
You are amphibious.
You can wear up to eight rings at the same time.
Your skin changes colour to match your surroundings (Stealth+).
Your rubbery body absorbs attacks. (AC +1, EV +1)
((You are camouflaged when in or above water. (Stealth+)))
You have tentacles for arms and can constrict up to eight enemies at once.


Message History

You release your grip on the gnoll. x2
You barely miss the gnoll. You grab the gnoll. You constrict the gnoll.
You tentacle-slap the gnoll.
The gnoll is moderately wounded.
You constrict the gnoll, but do no damage.
The gnoll barely misses you.
You tentacle-slap the gnoll.
The gnoll is severely wounded.
You constrict the gnoll. The gnoll closely misses you.
You tentacle-slap the gnoll.
You kill the gnoll!
You hear a splash.
The gnoll hits you with a +0 club.
* * * LOW HITPOINT WARNING * * *
The rat bites you but does no damage.
You tentacle-slap the rat.
You kill the rat!
Found a murky purple potion.
A dart slug comes into view.
A hobgoblin comes into view.
You see here a murky purple potion.
Found an escape hatch in the ceiling.
You tentacle-slap the dart slug. You grab the dart slug.
You squeeze the dart slug!
The dart slug is almost dead.
You constrict the dart slug.
You kill the dart slug!
A quokka comes into view.
You see here a dart slug corpse.
The quokka bites you. The hobgoblin hits you.
You tentacle-slap the hobgoblin but do no damage.
You grab the hobgoblin.
You constrict the hobgoblin, but do no damage.
The quokka closely misses you. The hobgoblin hits you.
* * * LOW HITPOINT WARNING * * *
You miss the quokka. Your grab misses the quokka.
Your squeeze misses the quokka. You constrict the hobgoblin.
The quokka twitches its whiskers.
The quokka bites you.
You die...

#####.######
#......#
#....#.######
#.....!.....#
#...........#
#.....†.....#
####........#
............#
.........@...#
.........gr..#
.............#
#####...<....#
######.### ..
.. .#.


You could see a quokka and a hobgoblin.

Vanquished Creatures
  A gnoll (D:2)
  3 dart slugs
  2 ball pythons (D:1)
  A bat (D:1)
  An endoplasm (D:1)
  6 giant cockroaches (D:1)
  A hobgoblin (D:1)
  2 jackals (D:1)
  A frilled lizard (D:1)
  A kobold (D:1)
  2 rats
21 creatures vanquished.

Notes
Turn   | Place    | Note
-------+----------+-------------------------------------------
     0 | D:1      | Leeroy the Octopode Transmuter began the quest for the Orb.
     0 | D:1      | Reached XP level 1. HP: 13/13 MP: 3/3
    99 | D:1      | Reached XP level 2. HP: 18/18 MP: 5/5
   264 | D:1      | Found a faded altar of an unknown god.
   445 | D:1      | Reached skill level 4 in Unarmed Combat
   465 | D:1      | Reached XP level 3. HP: 23/23 MP: 6/6
   469 | D:1      | Learned a level 3 spell: Spider Form
   819 | D:2      | Slain by a quokka

Illustrated notes

Levels and vault maps discovered:
D:1:      spicycebolla_arrival_clurvy, layout_basic,
          chequers_ecumenical_altar_simple
D:2:      wander_river, layout_basic, hangedman_decor_riveting

Skill      XL: |  1  2 |
---------------+-------+-----
Unarmed Combat | 4 |  4.4
Fighting       | |  1.0
Dodging        | |  2.0
Spellcasting   | |  2.0
Transmutations | |  2.0

Action                   || total
-------------------------++-------
Melee: Unarmed           ||    76
       Constrict         ||    18
       Tentacles         ||    17
       Punch             ||     2
 Stab: Sleeping          ||     2
Armor: Skin              ||    11
Dodge: Dodged            ||    55

Table legend: (Time is in decaauts)
 A = Elapsed time spent in this place.
 B = Non-inter-level travel time spent in this place.
 C = Inter-level travel time spent in this place.
 D = Time resting spent in this place.
 E = Time spent auto-exploring this place.
 F = Levels seen in this place.
 G = Mean time per level.
                   A        B        C        D        E       F      G
               +--------+--------+--------+--------+--------+-----+--------+
         Total |    813 |    794 |     19 |      0 |    580 |   2 |  406.5 |
       Dungeon |    813 |    794 |     19 |      0 |    580 |   2 |  406.5 |
               +--------+--------+--------+--------+--------+-----+--------+

Top non-repeatable levels by time:
     D:1: 726 daAuts
     D:2: 87 daAuts
